 Dungeon Crawl Stone Soup version 0.14.0-18-g0341e45 (console) character file.

18183 lovelylum2020 the Earth Mage (level 12, 92/104 HPs)
             Began as a Deep Dwarf Earth Elementalist on Apr 16, 2014.
             Was a High Priest of Makhleb.
             Quit the game on Level 11 of the Dungeon on Apr 19, 2014.
             The game lasted 00:47:34 (15435 turns).

lovelylum2020 the Earth Mage (DDEE)                Turns: 15435, Time: 00:47:34

HP  92/104       AC  9     Str 15      XL: 12   Next: 20%
MP  37/38        EV 12     Int 21      God: Makhleb [*****.]
Gold 548         SH  0     Dex 13      Spells:  7 memorised, 10 levels left

rFire  + . .     SeeInvis .     b - 59 stones
rCold  . . .     Clarity  .     u - +0 leather armour
rNeg   . . .     Conserve .     (no shield)
rPois  .         rCorr    .     w - +0 helmet
rElec  .         rRot     .     M - +0 cloak
SustAb . .       Spirit   .     G - +1 pair of gloves {Str+3}
rMut   .         Warding  .     p - +1 pair of boots
Gourm  +         Stasis   .     N - amulet of the gourmand
MR     +....                    z - ring of protection from fire
                                e - ring of magical power

@: non-regenerating, somewhat resistant to hostile enchantments, fairly stealthy
A: damage resistance, recharge devices, sense surroundings 2, slow healing 3
a: Device Recharging, Minor Destruction, Lesser Servant of Makhleb, Major
Destruction, Greater Servant of Makhleb, Renounce Religion


You were on level 11 of the Dungeon.
You worshipped Makhleb.
Makhleb was extremely pleased with you.
You were full.

You visited 2 branches of the dungeon, and saw 12 of its levels.

You collected 548 gold pieces.

Inventory:

Hand weapons
 k - a +1,+2 dagger
 F - a cursed +1,+1 hammer of protection
 K - a +1,+1 lajatang
 Q - a +0 blowgun
Missiles
 b - 59 stones (in hand)
 H - a tomahawk
 P - 2 curare-tipped needles
 R - 15 poisoned needles
Armour
 p - a +1 pair of boots (worn)
 u - a +0 leather armour (worn)
 w - a +0 helmet (worn)
 G - a +1 pair of gloves of strength (worn)
 M - a +0 cloak (worn)
Magical devices
 a - a wand of heal wounds (3)
 m - a wand of fire (9)
 U - a wand of slowing (10)
 V - a wand of flame (12)
Comestibles
 d - a lychee
 f - 7 bread rations
 g - 8 cheeses
 C - 3 meat rations
 J - 3 beef jerkies
Scrolls
 o - 2 scrolls of magic mapping
 s - 4 scrolls of identify
 t - 2 scrolls of fear
 A - a scroll of amnesia
 B - 5 scrolls of teleportation
 I - 3 scrolls of remove curse
Jewellery
 e - a ring of magical power (left hand)
 h - an uncursed ring of positive energy
 z - a ring of protection from fire (right hand)
 N - an amulet of the gourmand (around neck)
Potions
 c - 2 potions of brilliance
 v - 3 potions of curing
 O - a potion of berserk rage
 S - 2 potions of agility
 T - 2 potions of might
 X - a potion of resistance
Magical staves
 D - a cursed staff of fire


   Skills:
 * Level 5.8 Fighting
 - Level 1.2 Armour
 * Level 3.8 Dodging
 - Level 2.4 Stealth
 * Level 9.2 Spellcasting
 - Level 4.0 Conjurations
 - Level 3.0 Translocations
 - Level 0.8 Transmutations
 * Level 17.9 Earth Magic


You had 10 spell levels left.
You knew the following spells:

 Your Spells              Type           Power        Failure   Level  Hunger
a - Sandblast             Erth           ######       0%          1    None
b - Stoneskin             Trmt/Erth      #####.....   1%          2    None
c - Stone Arrow           Conj/Erth      ######       1%          3    None
d - Lee's Rapid Deconstr  Erth           ######....   1%          5    ####...
e - Petrify               Trmt/Erth      #####...     1%          4    ##.....
f - Blink                 Tloc           N/A          3%          2    None
g - Repel Missiles        Chrm/Air       #.....       12%         2    None


Dungeon Overview and Level Annotations

Branches:
Dungeon (11/15)            Temple (1/1) D:7
    Orc: D:9-12        Lair: D:8-11

Altars:
Ashenzari
Cheibriados
Dithmenos
Elyvilon
Fedhas
Kikubaaqudgha
Makhleb
Nemelex Xobeh
Okawaru
Sif Muna
Xom
Yredelemnul
Zin
The Shining One

Annotations:
D:7 Joseph


Innate Abilities, Weirdness & Mutations

You are resistant to damage.
You can recharge devices by infusing magical energy.
You passively map the area around you.
You do not heal naturally.


Message History

You continue eating. x2
Magic restored.
Eat a chunk of hound flesh? (ye/n/q/i?) This raw flesh tastes great.
You continue eating. x2
A rat comes into view.
Really attack while wielding your 60 stones?
Casting: Stone Arrow
Confirm with . or Enter, or press ? or * to list all spells.
Aiming: Sandblast
Press: ? - help, Shift-Dir - straight line, f - rat
Aim: a rat (resting)
The rocky blast hits the rat.
You kill the rat!
Makhleb accepts your kill.
Saving game... please wait.
Welcome back, lovelylum2020 the Deep Dwarf Earth Elementalist.
Blood and souls for Makhleb!
Press ? for a list of commands and other information.
Are you sure you want to abandon this character and quit the game? (Confirm with "yes".)

#.##### * #.# #.#
* #.# , #.# #.#
#### #.# #..# *
#.# #..# , #.#
#@.# #.####
#..#####.# * *
#....####........#
###%.......#####.#
##.####.## #.# #.#
* * ** #.####.###
, * #..§§....## *
#..§§...... ,,


There were no monsters in sight!

Vanquished Creatures
  Erolcha (D:8)
  A deep troll (D:9)
  4 hill giants
  An orc knight (D:9)
  A manticore (D:9)
  Maurice (D:8)
  A troll (D:10)
  5 slime creatures
  A hydra skeleton (D:8)
  10 yaks
  A hippogriff (D:7)
  A human (D:8)
  A trapdoor spider (D:8)
  Eustachio (D:8)
  4 wraiths (D:9)
  6 ugly things
  A hungry ghost (D:9)
  Menkaure (D:7)
  18 wargs (D:9)
  A necrophage (D:9)
  3 sky beasts (D:7)
  11 orc warriors
  3 water moccasins
  7 phantoms
  3 ogres
  3 centaurs
  2 ice beasts (D:7)
  A gnoll sergeant (D:10)
  Blork the orc (D:9)
  An elf skeleton (D:9)
  7 giant frogs
  8 scorpions
  A troll zombie (D:9)
  3 goliath beetles
  3 killer bees (D:9)
  A wight (D:9)
  4 crimson imps
  12 jellies
  A centaur zombie (D:5)
  Crazy Yiuf (D:6)
  4 human zombies (D:9)
  8 orc priests
  A black bear skeleton (D:8)
  5 worker ants
  8 orc wizards
  A quasit (D:10)
  An iguana (D:8)
  8 hounds
  3 sheep (D:8)
  Ijyb (D:7)
  An ogre skeleton (D:5)
  2 mummies
  7 adders
  6 gnolls (D:10)
  2 giant mites
  An inept feature mimic (D:6)
  2 inept item mimics
  A shadow imp (D:7)
  2 worms
  A gnoll skeleton (D:4)
  An orc skeleton (D:5)
  3 giant eyeballs
  3 giant geckos
  An ooze (D:3)
  62 orcs
  A ball python (D:2)
  13 bats
  6 giant cockroaches
  11 hobgoblins
  15 jackals
  13 kobolds
  5 quokkas
  5 giant newts
  A giant spore (D:10)
  6 goblins
  A kobold skeleton (D:7)
  2 orc zombies
  A quokka skeleton (D:6)
  17 rats
  23 ballistomycetes (D:9)
392 creatures vanquished.

Vanquished Creatures (others)
  A big kobold (D:10)
  An ogre zombie (D:9)
  A shadow imp (D:9)
  A giant gecko (D:10)
  4 giant spores (D:9)
  A ballistomycete (D:9)
9 creatures vanquished.

Grand Total: 401 creatures vanquished

Notes
Turn   | Place    | Note
--------------------------------------------------------------
     0 | D:1      | lovelylum2020, the Deep Dwarf Earth Elementalist, began the quest for the Orb.
     0 | D:1      | Reached XP level 1. HP: 15/15 MP: 2/2
   181 | D:1      | Reached XP level 2. HP: 5/22 MP: 0/4
   322 | D:1      | Learned a level 2 spell: Stoneskin
   637 | D:1      | Paralysed by a potion of paralysis for 7 turns
   886 | D:2      | Reached skill level 5 in Earth Magic
   961 | D:2      | Reached XP level 3. HP: 17/28 MP: 6/6
   966 | D:2      | Learned a level 3 spell: Stone Arrow
  2176 | D:3      | Reached skill level 1 in Conjurations
  2176 | D:3      | Reached XP level 4. HP: 14/36 MP: 8/8
  2380 | D:4      | Reached XP level 5. HP: 16/42 MP: 9/9
  2449 | D:4      | Reached skill level 6 in Earth Magic
  2536 | D:4      | Found an iron altar of Okawaru.
  2910 | D:4      | Found a shimmering altar of Xom.
  2910 | D:4      | Found a shimmering altar of Xom.
  2915 | D:4      | Found a shimmering altar of Xom.
  2931 | D:4      | Noticed an ogre
  2958 | D:4      | Killed an ogre
  2958 | D:4      | Reached XP level 6. HP: 33/49 MP: 13/13
  3152 | D:5      | Entered Level 5 of the Dungeon
  3561 | D:5      | Reached skill level 7 in Earth Magic
  3633 | D:5      | Reached XP level 7. HP: 30/55 MP: 15/15
  3782 | D:6      | Found a snail-covered altar of Cheibriados.
  4172 | D:6      | Paralysed by a giant eyeball for 2 turns
  4246 | D:6      | Paralysed by a giant eyeball for 4 turns
  4258 | D:6      | Reached skill level 8 in Earth Magic
  4404 | D:6      | Found a sparkling altar of Nemelex Xobeh.
  4571 | D:6      | Noticed Crazy Yiuf
  4575 | D:6      | Killed Crazy Yiuf
  4664 | D:6      | Found a deep blue altar of Sif Muna.
  4950 | D:7      | Reached skill level 9 in Earth Magic
  4964 | D:7      | Reached XP level 8. HP: 25/62 MP: 11/18
  4988 | D:7      | Learned a level 5 spell: Lee's Rapid Deconstruction
  4993 | D:7      | Learned a level 4 spell: Petrify
  5074 | D:7      | Noticed Joseph
  5230 | D:7      | Noticed Menkaure
  5232 | D:7      | Killed Menkaure
  5232 | D:7      | Reached skill level 10 in Earth Magic
  5437 | D:7      | Reached skill level 5 in Spellcasting
  5508 | D:7      | Reached skill level 11 in Earth Magic
  5779 | D:7      | Found a staircase to the Ecumenical Temple.
  5807 | Temple   | Entered the Ecumenical Temple
  5822 | Temple   | Became a worshipper of Makhleb the Destroyer
  5919 | D:7      | Noticed Ijyb
  5923 | D:7      | Killed Ijyb
  6318 | D:8      | Noticed Maurice
  6675 | D:8      | Gained mutation: You passively map the area around you. [level up]
  6675 | D:8      | Reached XP level 9. HP: 51/68 MP: 21/21
  6691 | D:8      | Reached skill level 12 in Earth Magic
  6971 | D:8      | Killed Maurice
  7003 | D:8      | Noticed Erolcha
  7012 | D:8      | Killed Erolcha
  7012 | D:8      | Reached skill level 13 in Earth Magic
  7024 | D:8      | Acquired Makhleb's first power
  7201 | D:8      | Noticed Eustachio
  7205 | D:8      | Killed Eustachio
  7396 | D:8      | Learned a level 2 spell: Blink
  7657 | D:8      | Noticed a hill giant
  7662 | D:8      | Killed a hill giant
  7662 | D:8      | Reached skill level 14 in Earth Magic
  7662 | D:8      | Reached XP level 10. HP: 49/75 MP: 18/25
  7668 | D:8      | Learned a level 2 spell: Repel Missiles
  7822 | D:8      | Reached skill level 1 in Translocations
  8246 | D:9      | Noticed Blork the orc
  8251 | D:9      | Killed Blork the orc
  8361 | D:9      | Acquired Makhleb's second power
  8362 | D:9      | Reached skill level 15 in Earth Magic
  8553 | D:9      | Noticed a manticore
  8557 | D:9      | Killed a manticore
  8657 | D:9      | Noticed a hill giant
  8664 | D:9      | Killed a hill giant
  8668 | D:9      | Noticed a deep troll
  8839 | D:9      | Killed a deep troll
  8839 | D:9      | Reached skill level 16 in Earth Magic
  9207 | D:9      | Reached XP level 11. HP: 71/81 MP: 0/27
  9280 | D:9      | Acquired Makhleb's third power
  9299 | D:10     | Entered Level 10 of the Dungeon
  9807 | D:9      | Reached skill level 1 in Fighting
  9939 | D:9      | Noticed an orc knight
 10107 | D:9      | Killed an orc knight
 11359 | D:9      | Acquired Makhleb's fourth power
 11370 | D:9      | Found an ancient bone altar of Kikubaaqudgha.
 11580 | D:9      | Reached skill level 17 in Earth Magic
 12096 | D:10     | Noticed a hill giant
 12112 | D:10     | Killed a hill giant
 12575 | D:10     | Found a shadowy altar of Dithmenos.
 13464 | D:11     | Noticed a hill giant
 13482 | D:11     | Killed a hill giant
 13482 | D:11     | Reached skill level 5 in Fighting
 13482 | D:11     | Reached skill level 1 in Armour
 13574 | D:11     | Acquired Makhleb's fifth power
 13733 | D:11     | Reached XP level 12. HP: 100/103 MP: 19/29
 15435 | D:11     | Upgraded the game from 0.14.0-12-g87ee3b7 to 0.14.0-18-g0341e45
 15435 | D:11     | Quit the game

Action                   |  1- 3 |  4- 6 |  7- 9 | 10-12 || total
-------------------------+-------+-------+-------+-------++-------
Melee: Unarmed           |     2 |     2 |     1 |       ||     5
       Dagger            |    11 |    11 |       |    13 ||    35
       Whip              |    21 |       |       |       ||    21
       Staff             |       |    21 |       |       ||    21
       Quarterstaff      |       |       |       |    89 ||    89
Throw: Tomahawk          |       |     9 |     7 |     4 ||    20
       Javelin           |       |     1 |     6 |     5 ||    12
       Dart              |       |     1 |       |       ||     1
       Stone             |       |     2 |     1 |       ||     3
 Cast: Sandblast         |    94 |    56 |    67 |    18 ||   235
       Stone Arrow       |       |     3 |   108 |   299 ||   410
       Lee's Rapid Decon |       |       |    13 |    79 ||    92
       Petrify           |       |       |     1 |    14 ||    15
       Blink             |       |       |       |     5 ||     5
       Repel Missiles    |       |       |       |     1 ||     1
Evoke: Wand              |     1 |     1 |     3 |     3 ||     8
  Use: Potion            |     6 |       |     1 |     1 ||     8
       Scroll            |     5 |     4 |     7 |     6 ||    22
 Stab: Sleeping          |     1 |     1 |       |       ||     2
